 Dungeon Crawl Stone Soup version 0.16-a0-3074-gc0bb631 (webtiles) character file.

44 Herrn the Skirmisher (level 3, -3/20 HPs)
             Began as a Vine Stalker Fighter on Dec 11, 2014.
             Slain by a gnoll (4 damage)
             ... on level 2 of the Dungeon.
             The game lasted 00:01:48 (1086 turns).

Herrn the Skirmisher (Vine Stalker Fighter)         Turns: 1086, Time: 00:01:48

Health: -3/20      AC:  6    Str: 19    XL:     3   Next: 62%
Magic:  0/5        EV:  7    Int:  8    God:
Gold:   36         SH:  9    Dex: 13    Spells: 0 memorised, 4 levels left

rFire  . . .     SeeInvis .     a - +0 war axe
rCold  . . .     Clarity  .     b - +0 scale mail
rNeg   . . .     SustAb   .     c - +0 shield
rPois  .         Gourm    .     (no helmet)
rElec  .         Spirit   +     (no cloak)
rCorr  .         Warding  .     (no gloves)
rMut   .         Stasis   .     (no boots)
MR     .....                    (no amulet)
Stlth  ..........               (no ring)
                                (no ring)

@: not resistant to hostile enchantments, extremely unstealthy
A: fangs 2, regeneration 1, magic shield, antimagic bite, no device heal 3, rot
immunity
a: no special abilities


You were on level 2 of the Dungeon.
You were hungry.

You visited 1 branch of the dungeon, and saw 2 of its levels.

You collected 36 gold pieces.

Inventory:

Hand weapons
 a - a +0 war axe (weapon)
Armour
 b - a +0 scale mail (worn)
 c - a +0 shield (worn)
Scrolls
 f - 2 scrolls of teleportation {unknown}
 g - a scroll of fear {unknown}
 j - a scroll of enchant armour {unknown}
 k - a scroll of noise {unknown}
 l - a scroll of identify {unknown}
 m - a scroll of enchant weapon {unknown}
 n - a scroll of remove curse {unknown}
 o - a scroll of random uselessness {unknown}
Potions
 e - a potion of might
 h - 2 potions of heal wounds {unknown}
Comestibles
 d - 2 bread rations
 i - a meat ration


   Skills:
 * Level 3.0 Fighting
 * Level 2.4 Axes
 + Level 2.6 Armour
 * Level 0.4 Dodging
 + Level 2.9 Shields
 * Level 1.0 Spellcasting


You had 4 spell levels left.
You didn't know any spells.

Dungeon Overview and Level Annotations

Branches:
Dungeon (2/15)

Altars:
Cheibriados


Innate Abilities, Weirdness & Mutations

You have extremely sharp teeth.
Your natural rate of healing is unusually fast.
When hurt, damage is shared between your health and your magic reserves.
Your bite disrupts and absorbs the magic of your enemies.
Potions and wands cannot restore your health.
You are immune to rotting.


Message History

* * * LOW HITPOINT WARNING * * *
A gnoll comes into view. It is wielding a whip.
Your scale mail prevents you from hitting the gnoll.
Your bite misses the gnoll. The gnoll barely misses you.
You hit the gnoll. You bite the gnoll. You drain its power.
You feel invigorated.
The gnoll is severely wounded.
You block the gnoll's attack. x2
You slash the gnoll!
You kill the gnoll!
Your Spellcasting skill increases to level 1!
You hit the gnoll. Your bite misses the gnoll.
The gnoll is lightly wounded.
You block the gnoll's attack.
You hit the gnoll.
The gnoll is lightly wounded.
The gnoll hits you.
* * * LOW HITPOINT WARNING * * *
The gnoll hits you.
You die...

#.###.....##...##.
#.........#.....#.
#.###.##..##...##.
#.###.##..###.#### #.............#
#.#######.###.# #....<....###+##
#.##########...## # #@###
##.....## g.. #g#.## ##.......#
###.g.##########g...####.........
........g....g..g.....รท'.........
........########....####.........
##..##. #.#.## ##.......# ## #.
#..#### ##.....## #. #.....#
##...## .. #._.#.#######'##


You could see 3 gnolls.

Vanquished Creatures
  An adder (D:2)
  A gnoll (D:2)
  An ooze (D:1)
  3 bats (D:1)
  2 giant cockroaches (D:1)
  4 hobgoblins
  2 kobolds (D:1)
  2 giant newts
  5 goblins (D:1)
  3 rats (D:1)
24 creatures vanquished.

Notes
Turn   | Place    | Note
--------------------------------------------------------------
     0 | D:1      | Herrn, the Vine Stalker Fighter, began the quest for the Orb.
     0 | D:1      | Reached XP level 1. HP: 11/11 MP: 1/1
     3 | D:1      | Noticed an electric eel
     3 | D:1      | Noticed an electric eel
   222 | D:1      | Reached XP level 2. HP: 16/16 MP: 3/3
   832 | D:2      | Found a snail-covered altar of Cheibriados.
   857 | D:2      | Reached skill level 3 in Fighting
   857 | D:2      | Reached XP level 3. HP: 5/20 MP: 2/4
  1084 | D:2      | Reached skill level 1 in Spellcasting
  1086 | D:2      | HP: 1/20 [gnoll (4)]
  1086 | D:2      | Slain by a gnoll

Action                   || total
-------------------------++-------
Melee: War axe           ||    71
